 Dungeon Crawl Stone Soup version 0.28.0-45-g0d030f2227 (webtiles) character file.

Game seed: 14679815085560998930

76 selver the Sneak (level 4, 0/35 HPs)
             Began as a Demonspawn Abyssal Knight on Apr 10, 2022.
             Was a Follower of Lugonu.
             Slain by Terence
             ... wielding a +0 hand axe
              (5 damage)
             ... on level 2 of the Dungeon.
             The game lasted 00:07:29 (3133 turns).

selver the Sneak (Demonspawn Abyssal Knight)        Turns: 3133, Time: 00:07:29

Health: 0/35       AC:  3    Str: 15    XL:     4   Next: 12%
Magic:  5/5        EV: 11    Int: 12    God:    Lugonu [*.....]
Gold:   115        SH:  0    Dex: 13    Spells: 3/3 levels left

rFire   . . .      SeeInvis .   a - +1 falchion
rCold   . . .      Faith    .   (no shield)
rNeg    . . .      Spirit   .   b - +0 leather armour
rPois   .          Reflect  .   (no helmet)
rElec   .          Harm     .   (no cloak)
rCorr   .          Rampage  .   (no gloves)
Will    .....                   (no boots)
Stlth   ++........              (no amulet)
HPRegen 0.11/turn               (no ring)
MPRegen 0.09/turn               (no ring)

@: no status effects
A: spiny 1, demonic touch 2
a: Renounce Religion, Depart the Abyss


You were on level 2 of the Dungeon.
You worshipped Lugonu.
Lugonu was aware of your devotion.
You visited 1 branch of the dungeon, and saw 3 of its levels.
You visited the Abyss 1 time.

You collected 115 gold pieces.

Inventory:

Hand Weapons
 a - a +1 falchion (weapon)
 c - a +1 whip of electrocution
Missiles
 d - 42 stones
 f - 38 sling bullets
Armour
 b - a +0 leather armour (worn)
Potions
 g - a potion of magic {unknown}


   Skills:
 - Level 3.0 Fighting
 + Level 2.0 Long Blades
 - Level 0.3 Bows
 - Level 1.7 Armour
 - Level 0.8 Dodging
 - Level 3.5 Stealth
 - Level 2.4 Invocations


You had 3 spell levels left.
You didn't know any spells.
Your spell library was empty.

Dungeon Overview and Level Annotations

Branches:
Dungeon (3/15)

Altars:

Annotations:
D:2 Terence


Innate Abilities, Weirdness & Mutations

You are partially covered in sharp spines.
Your touch may inflict irresistible damage on your foes.


Message History

You hit the endoplasm.
The endoplasm is heavily wounded.
The endoplasm hits you but does no damage.
The endoplasm barely misses you. The endoplasm hits you.
You climb upwards.
There is a stone staircase leading down here.
You hit the endoplasm but do no damage.
The endoplasm is heavily wounded.
The endoplasm closely misses you.
You hit the endoplasm.
You kill the endoplasm!
Lugonu accepts your kill.
You start resting.
HP restored.
You climb downwards.
Level annotation: Terence Terence looks scornfully at you.
Terence hits you with a +0 hand axe! Terence says, "Did you write a will?
You should..."
Terence hits you with a +0 hand axe!
There is a stone staircase leading up, spattered with blood here.
You hit Terence but do no damage. Terence hits you with a +0 hand axe.
You hit Terence.
Terence is lightly wounded.
Terence hits you with a +0 hand axe.
* * * LOW HITPOINT WARNING * * *
You closely miss Terence.
Terence is lightly wounded.
Terence barely misses you.
The orc priest shouts!
Terence hits you with a +0 hand axe.
* * * LOW HITPOINT WARNING * * *
You climb upwards.
There is a stone staircase leading down here.
Terence hits you with a +0 hand axe.
* * * LOW HITPOINT WARNING * * *
There is an escape hatch in the floor here.
Terence hits you with a +0 hand axe.
You die...

#####.####.#.#.........#
#.......
'.......##.#.#.##......#
#.......
#####.#.#....#.##.#.####
###..... #
#......###.#.##.#.#
#..... # #......#
#.#.#..#.# #.....
#.#....# #.#.##.#.#
#..... #.#..###
#.#......# #..... #.#..#
###.#.#.#..# ######
###.#.## #.....@@...#
....#.# #.#.##.###.##
###.#.# #.#....#....#
#.#.# #......#.####
###.####.######.#
#####.............#
...........########
############


You could see Terence.

Vanquished Creatures
  A gnoll (D:1)
  An adder (D:3)
  2 worms (D:2)
  2 dart slugs (D:1)
  3 orcs
  3 ball pythons
  2 bats (D:1)
  5 endoplasms
  2 giant cockroaches
  2 goblins
  3 hobgoblins
  2 jackals (D:2)
  6 kobolds
  A quokka (D:1)
  3 frilled lizards
  2 rats (D:1)
40 creatures vanquished.

Notes
Turn   | Place    | Note
-------+----------+-------------------------------------------
     0 | Abyss:1  | selver the Demonspawn Abyssal Knight began the quest for
                  | the Orb.
     0 | Abyss:1  | Reached XP level 1. HP: 18/18 MP: 2/2
    31 | Abyss:1  | Noticed an orange demon
    31 | Abyss:1  | Noticed a smoke demon
    32 | D:1      | Escaped the Abyss
   275 | D:1      | Reached skill level 1 in Stealth
   468 | D:1      | Found a faded altar of an unknown god.
   498 | D:1      | Gained mutation: Your touch may inflict minor irresistible
                  | damage on your foes. [demonic ancestry]
   498 | D:1      | Reached XP level 2. HP: 20/24 MP: 3/3
   762 | D:1      | Gained mutation: Your touch may inflict irresistible damage
                  | on your foes. [demonic ancestry]
   762 | D:1      | Reached XP level 3. HP: 19/29 MP: 4/4
  1190 | D:1      | Reached * piety under Lugonu
  2921 | D:2      | Gained mutation: You are partially covered in sharp spines.
                  | [demonic ancestry]
  2921 | D:2      | Reached XP level 4. HP: 24/35 MP: 5/5
  3046 | D:3      | Noticed Terence
  3133 | D:2      | Slain by Terence

Illustrated notes

Levels and vault maps discovered:
D:1:      onia_arrival_mini_spirals, layout_basic,
          shapermc_ecumenical_altar_venn
D:2:      layout_basic
D:3:      layout_basic, minmay_misc_feat_secret_circle, lemuel_flame_loot_1,
          uniq_crazy_yiuf_cottage, uniq_jessica, uniq_terence

Skill      XL: |  1  2  3  4 |
---------------+-------------+-----
Stealth        | 1 2 3 |  3.5
Long Blades    | 2 |  2.0
Fighting       | |  3.0
Bows           | |  0.3
Armour         | |  1.7
Dodging        | |  0.8
Invocations    | |  2.4

Action                   |  1- 3 |  4- 6 || total
-------------------------+-------+-------++-------
Melee: Falchion          |   112 |     9 ||   121
       Touch             |     8 |     1 ||     9
Invok: Depart the Abyss  |     1 |       ||     1
  Use: Scroll            |     3 |       ||     3
 Stab: Sleeping          |     3 |       ||     3
       Distracted        |     1 |       ||     1
Armor: Leather armour    |    28 |     2 ||    30
Dodge: Dodged            |    72 |    10 ||    82
